 Dungeon Crawl Stone Soup version 0.25-a0-161-gb7fd73da8f (webtiles) character file.

Game seed: 9359666777391649927, levelgen mode: deterministic

392 Leeroy the Slasher (level 6, -5/48 HPs)
             Began as a Draconian Skald on Nov 21, 2019.
             Shot with an arrow by a centaur (12 damage)
             ... on level 5 of the Dungeon.
             The game lasted 00:08:23 (4193 turns).

Leeroy the Slasher (Draconian Skald)                Turns: 4193, Time: 00:08:23

Health: -5/48      AC:  7    Str: 13    XL:     6   Next: 50%
Magic:  9/9        EV: 12    Int: 13    God:
Gold:   130        SH:  0    Dex: 13    Spells: 2/9 levels left

rFire    . . .     SeeInvis .   a - +0 falchion
rCold    . . .     Gourm    .   (no shield)
rNeg     . . .     Faith    .   (armour unavailable)
rPois    .         Spirit   .   (helmet restricted)
rElec    .         Reflect  .   (no cloak)
rCorr    .         Harm     .   l - +0 pair of gloves
MR       .....                  (no boots)
Stlth    +.........             (no amulet)
HPRegen  0.16/turn              (no ring)
MPRegen  0.11/turn              (no ring)

@: no status effects
A: unfitting armour, cold-blooded, AC +6
a: no special abilities


You were on level 5 of the Dungeon.
You were not hungry.

You visited 2 branches of the dungeon, and saw 6 of its levels.

You collected 130 gold pieces.

Inventory:

Hand Weapons
 a - a +0 falchion (weapon)
 j - a +1 dagger of draining
 m - a +0 mace
 o - a +0 dagger of speed
 p - a +2 dagger of venom
Missiles
 d - 33 poisoned darts (quivered)
 i - 6 boomerangs
Armour
 l - a +0 pair of gloves (worn)
 u - a +0 pair of boots
Jewellery
 e - a +4 ring of strength {unknown}
Wands
 k - a wand of enslavement (6)
Scrolls
 b - 10 scrolls of identify {unknown}
 f - a scroll of enchant armour {unknown}
 g - a scroll of remove curse {unknown}
 h - a scroll of blinking {unknown}
 q - a scroll of magic mapping {unknown}
Potions
 n - a potion of flight {unknown}
 r - a potion of heal wounds {unknown}
 s - a potion of might {unknown}
Comestibles
 c - 5 rations
 t - a chunk of flesh


   Skills:
 - Level 2.1 Fighting
 + Level 5.1 Long Blades
 - Level 2.1 Dodging
 - Level 2.0 Spellcasting
 - Level 2.2 Hexes
 - Level 4.2 Charms
 - Level 1.1 Evocations


You had 2 spell levels left.
You knew the following spells:

 Your Spells              Type           Power        Failure   Level  Hunger
a - Infusion              Chrm           ##..         4%          1    ##.....
b - Spectral Weapon       Hex/Chrm       #.......     21%         3    ####...
c - Regeneration          Chrm/Necr      #.........   32%         3    ####...

Your spell library contained the following spells:

 Spells                   Type           Power        Failure   Level  Hunger
 Song of Slaying          Chrm           ##......     7%          2    ###....
 Shroud of Golubria       Chrm/Tloc      #.....       16%         2    ###....


Dungeon Overview and Level Annotations

Branches:
Dungeon (5/15)             Temple (1/1) D:5

Altars:
Ashenzari
Cheibriados
Elyvilon
Fedhas
Gozag
Hepliaklqana
Kikubaaqudgha
Nemelex Xobeh
Qazlal
Ru
Sif Muna
Uskayaw
Vehumet
Wu Jian
Xom
Yredelemnul
Zin
The Shining One

Annotations:
D:4 Ijyb


Innate Abilities, Weirdness & Mutations

Your plain brown scales are hard. (AC +6)
You cannot fit into any form of body armour.
You are cold-blooded and may be slowed by cold attacks.


Message History

The hound skeleton barely misses you.
You hit the hound skeleton. You tail-slap the hound skeleton.
The hound skeleton is almost destroyed.
The hound skeleton bites you. The hound skeleton closely misses you.
You hit the hound skeleton.
You destroy the hound skeleton!
Unknown command.
A centaur comes into view.
The centaur shouts!
The centaur wields a +0 shortbow.
The centaur shoots an arrow.
The arrow hits you!
You see here an arrow.
The centaur shoots an arrow.
The arrow hits you.
Things that are here:
an arrow; a pair of boots
u - a pair of boots The centaur shoots an arrow.
The arrow hits you!
* * * LOW HITPOINT WARNING * * *
The centaur shoots an arrow.
The arrow hits you!
You die...

## ### .. ...# #.#
#.#.# #.###.# .#
########...###.#
####.###((......#.....#
.......@...####...##.<#
####.###.#.# ##......#
#.#.# ####...# #.#.#
######...# #........
.........# #..##c#.#
#.#.##...## #..##.#.# #
#..... #..# .# # #...##
#..# #.. #.##...##


You could see a centaur.

Vanquished Creatures
  A howler monkey (D:5)
  2 hounds (D:5)
  An orc wizard (D:5)
  A bullfrog skeleton (D:4)
  An iguana (D:3)
  Jessica (D:1)
  A hound zombie (D:5)
  A hound skeleton (D:5)
  A howler monkey skeleton (D:4)
  3 adders
  An ooze (D:3)
  An adder skeleton (D:5)
  3 worms
  2 dart slugs
  5 leopard geckos
  9 orcs
  3 ball pythons
  3 giant cockroaches
  6 goblins
  3 hobgoblins
  18 jackals
  A quokka (D:5)
  4 bats
  3 frilled lizards
  8 kobolds
  A quokka skeleton (D:5)
  7 rats
91 creatures vanquished.

Notes
Turn   | Place    | Note
-------+----------+-------------------------------------------
     0 | D:1      | Leeroy the Draconian Skald began the quest for the Orb.
     0 | D:1      | Reached XP level 1. HP: 17/17 MP: 3/3
   164 | D:1      | Reached XP level 2. HP: 24/24 MP: 5/5
   209 | D:1      | Reached skill level 3 in Long Blades
   643 | D:1      | Reached XP level 3. HP: 26/29 MP: 6/6
   796 | D:2      | Noticed Jessica
   874 | D:1      | Killed Jessica
   874 | D:1      | Reached skill level 4 in Long Blades
   874 | D:1      | Reached XP level 4. HP: 16/36 MP: 4/7
   879 | D:1      | Learned a level 3 spell: Spectral Weapon
   883 | D:1      | Learned a level 3 spell: Regeneration
  1098 | D:2      | Found a hide-covered altar of Uskayaw.
  1187 | D:2      | Found an opulent altar of Gozag.
  1188 | D:2      | Found a hazy altar of Hepliaklqana.
  1543 | D:3      | Reached skill level 1 in Hexes
  1554 | D:3      | Reached skill level 1 in Evocations
  1812 | D:3      | Found a faded altar of an unknown god.
  1872 | D:3      | Reached XP level 5. HP: 27/41 MP: 8/8
  2879 | D:4      | Noticed Ijyb
  3392 | D:5      | Entered Level 5 of the Dungeon
  3749 | D:5      | Reached XP level 6. HP: 35/48 MP: 9/9
  3782 | D:5      | Found a staircase to the Ecumenical Temple.
  3834 | Temple   | Entered the Ecumenical Temple
  4158 | D:5      | Reached skill level 5 in Long Blades
  4193 | D:5      | Shot with an arrow by a centaur

Levels and vault maps discovered:
D:1:      minmay_arrival_arboretum_small, layout_loops_ring
D:2:      layout_basic, chequers_temple_overflow_statue_of_worship,
          old_standard_altar, palyth_stone_intersect, kennysheep_crisscross,
          hangedman_abyss_or_decor_stabs, uniq_jessica
D:3:      layout_loops_ring, chequers_ecumenical_altar_simple_redux,
          minmay_hedge_maze
D:4:      layout_gridville, kennysheep_okawaru_gauntlet, first_ration,
          uniq_pikel, uniq_blork_the_orc, uniq_ijyb
D:5:      layout_loops_ring, bloody_trog, overflow_temple_1_default,
          minmay_temple_entry_glassed_door
Temple:   regret_index_temple_generic_petals

Skill      XL: |  1  2  3  4  5  6 |
---------------+-------------------+-----
Long Blades    | 3 4 5 |  5.1
Hexes          | 2 |  2.2
Evocations     | 1 |  1.1
Charms         | 4 |  4.2
Fighting       | |  2.1
Dodging        | |  2.1
Spellcasting   | |  2.0

Action                   |  1- 3 |  4- 6 || total
-------------------------+-------+-------++-------
Melee: Falchion          |    70 |    72 ||   142
       Tailslap          |     9 |    28 ||    37
       Dagger            |       |   159 ||   159
 Cast: Infusion          |     1 |       ||     1
  Eat: Chunk             |       |     5 ||     5
       Ration            |       |     2 ||     2
Armor: Skin              |    32 |    62 ||    94
Dodge: Dodged            |    63 |   154 ||   217
       Rpst.: Falchion   |    23 |    25 ||    48

Table legend:
 A = Non-vault XP
 B = Vault XP
 C = Vault XP percentage of total XP
 D = Non-vault monster count
 E = Vault monster count
 F = Vault count percentage of total count
                 A         B        C        D         E       F
            +---------+---------+-------+---------+---------+-------
      Total |     523 |      37 |   6.6 |      90 |       1 |   1.1
            +---------+---------+-------+---------+---------+-------
        D:1 |      62 |      37 |  37.4 |      28 |       1 |   3.4
        D:2 |      39 |       0 |   0.0 |      21 |       0 |   0.0
        D:3 |      93 |       0 |   0.0 |      21 |       0 |   0.0
        D:4 |      73 |       0 |   0.0 |       5 |       0 |   0.0
        D:5 |     256 |       0 |   0.0 |      15 |       0 |   0.0
            +---------+---------+-------+---------+---------+-------
